 Dungeon Crawl Stone Soup version 0.21.0-3-g78d12a8bdd (webtiles) character file.

133 Leisha the Ducker (level 4, -5/31 HPs)
             Began as a Felid Berserker on Jan 12, 2018.
             Was a Believer of Trog.
             Splashed by Pikel's acid (15 damage)
             ... on level 4 of the Dungeon.
             The game lasted 00:08:48 (1251 turns).

Leisha the Ducker (Felid Berserker)                 Turns: 1251, Time: 00:08:49

Health: -5/31      AC:  1    Str: 19    XL:     4   Next: 93%
Magic:  5/5        EV: 20    Int:  8    God:    Trog [**....]
Gold:   83         SH:  0    Dex: 15    Spells: 3/3 levels left
                                        Lives:  0   Deaths: 1

rFire    . . .     SeeInvis +     - Unarmed
rCold    . . .     Gourm    .   (shield unavailable)
rNeg     . . .     Faith    .   (armour unavailable)
rPois    .         Spirit   .   (helmet unavailable)
rElec    .         Reflect  .   (cloak unavailable)
rCorr    .         Harm     .   (gloves unavailable)
MR       .....     Rnd*Tele +   (boots unavailable)
Stlth    ..........             (no amulet)
HPRegen  0.10/turn              d - ring of teleportation (curse)
MPRegen  0.09/turn              e - ring of wizardry

@: berserking (expiring), very quick
A: very small, no armour, no weapons or thrown items, stealth, claws 1, fangs 3,
see invisible, carnivore, speed 1, shaggy fur 1, slow metabolism 1, sharp paws
a: Berserk, Trog's Hand, Burn Spellbooks, Renounce Religion


You were on level 4 of the Dungeon.
You worshipped Trog.
Trog was pleased with you.
You were full.

You visited 1 branch of the dungeon, and saw 4 of its levels.

You collected 83 gold pieces.

Inventory:

Hand Weapons
 h - a +0 giant club
Jewellery
 d - a cursed ring of teleportation (left paw)
 e - a ring of wizardry (right paw)
Scrolls
 c - a scroll of magic mapping {unknown}
 g - a scroll of fog
Potions
 f - a potion of resistance {unknown}
Comestibles
 a - 2 rations
 b - 5 chunks of flesh


   Skills:
 + Level 3.5 Fighting
 + Level 5.3 Dodging
 + Level 2.4 Stealth
 + Level 4.7 Unarmed Combat


You had 3 spell levels left.
You didn't know any spells.

Dungeon Overview and Level Annotations

Branches:
Dungeon (4/15)
 Temple: D:4-7

Altars:
Qazlal
Zin

Annotations:
D:4 Pikel


Innate Abilities, Weirdness & Mutations

You cannot wear armour.
You are incapable of wielding weapons or throwing items.
Your paws allow you to move quietly. (Stealth)
You have sharp claws.
You have razor-sharp teeth.
You have supernaturally acute eyesight. (SInv)
You are carnivorous and can eat meat at any time.
You cover ground quickly.
You are covered in fur. (AC +1)
You have a slow metabolism.
Your sharp claws are effective at attacking unaware monsters.


Message History

The slave closely misses you.
Drop what? 8/52 slots (_ for help) (? for menu, Esc to quit)
Okay, then.
A red film seems to cover your vision as you go berserk!
You feel yourself moving faster!
You feel mighty! The slave misses you.
You closely miss the slave. You bite the slave!
The slave is heavily wounded.
The slave misses you.
You claw the slave!
You kill the slave!
That felt strangely unrewarding.
You mangle the slave!!
The slave is almost dead.
You claw the slave!
You kill the slave!
That felt strangely unrewarding.
Pikel zaps a wand.
The bolt of acid hits you!
Ouch! That really hurt!
You are splashed with acid!
The acid burns!
You die...

##.## ##...##
.....# ...#
##.###.#
#p.....#
#p###### #K# #
#@# #.# #.#
##.## #.# ##
##...#######.#
.#
#............#
.#
##......######
.# ##.....#
.######.....#
>...........#


You could see Pikel and 2 slaves.

Vanquished Creatures
  2 slaves (D:4)
  An ogre (D:4)
  4 gnolls (D:2)
  2 adders
  2 dart slugs
  3 leopard geckos
  An orc (D:3)
  3 giant cockroaches
  4 goblins
  2 hobgoblins
  A quokka (D:3)
  7 bats
  A frilled lizard (D:2)
  2 kobolds
  3 rats
38 creatures vanquished.

Notes
Turn   | Place    | Note
-------+----------+-------------------------------------------
     0 | D:1      | Leisha the Felid Berserker began the quest for the Orb.
     0 | D:1      | Reached XP level 1. HP: 10/10 MP: 2/2
   339 | D:1      | Reached XP level 2. HP: 14/14 MP: 3/3
   435 | D:2      | Reached XP level 3. HP: 14/17 MP: 4/4
   489 | D:2      | Reached skill level 1 in Stealth
   755 | D:2      | Reached XP level 4. HP: 21/21 MP: 5/5
   814 | D:2      | Reached ** piety under Trog
   881 | D:3      | Found a stormy altar of Qazlal.
   966 | D:3      | Found a glowing silver altar of Zin.
  1139 | D:4      | Mangled by a worker ant
  1140 | D:4      | Reached XP level 3. HP: -6/17 MP: 4/4
  1148 | D:4      | Noticed an ogre
  1155 | D:4      | Killed an ogre
  1155 | D:4      | Reached skill level 5 in Dodging
  1155 | D:4      | Reached XP level 4. HP: 21/21 MP: 5/5
  1229 | D:4      | Noticed a slave
  1230 | D:4      | Noticed a slave
  1231 | D:4      | Noticed a slave
  1234 | D:4      | Noticed Pikel
  1244 | D:4      | Noticed a slave
  1248 | D:4      | Killed a slave
  1250 | D:4      | Killed a slave
  1251 | D:4      | Splashed by Pikel's acid

Skill      XL: |  1  2  3 |
---------------+----------+-----
Stealth        | 2 |  2.4
Unarmed Combat | 4 |  4.7
Dodging        | 5 |  5.3
Fighting       | |  3.5

Action                   |  1- 3 |  4- 6 || total
-------------------------+-------+-------++-------
Melee: Unarmed           |    65 |    54 ||   119
       Bite              |     8 |     6 ||    14
       Punch             |     1 |     3 ||     4
Invok: Berserk           |     2 |     1 ||     3
  Use: Scroll            |     3 |       ||     3
       Potion            |     3 |       ||     3
 Stab: Sleeping          |     2 |     1 ||     3
  Eat: Chunk             |     6 |       ||     6
Armor: Skin              |     9 |     3 ||    12
Dodge: Dodged            |    70 |    41 ||   111
